 Dungeon Crawl Stone Soup version 0.28-a0-503-g83f2989fac (webtiles) character file.

Game seed: 16882092833158074889

203073 Zenkrye the Warrior (level 19, -4/151 HPs)
             Began as a Djinni Conjurer on Sept 20, 2021.
             Was the Champion of Makhleb.
             Hit by a silver javelin thrown by a merfolk javelineer (7 damage)
             ... on level 4 of the Shoals.
             The game lasted 02:10:38 (27417 turns).

Zenkrye the Warrior (Djinni Conjurer)              Turns: 27417, Time: 02:10:38

Health: -4/151     AC: 10    Str:  6    XL:     19   Next: 31%
Gold:   1360       EV: 26    Int: 29    God:    Makhleb [******] SH: 16 Dex: 18

rFire   + + +      SeeInvis .   h - staff of conjuration
rCold   + . .      Faith    .   V - +2 kite shield {rC+}
rNeg    . . .      Spirit   .   H - +3 troll leather armour
rPois   ∞          Reflect  .   R - +0 helmet {Int+3}
rElec   +          Harm     .   B - +0 cloak
rCorr   +          Rampage  .   i - +0 pair of gloves of the Vacuum {rElec rPois Dex-2 Stlth-}
Will    +....                   (boots unavailable)
Stlth   +.........              x - amulet of Ascent {rF+ rC+ Regen+ rCorr}
HPRegen 2.35/turn               v - +4 ring of evasion
MPRegen 0.00/turn               d - +6 ring of dexterity

@: flying, studying Evocations
A: sickness immunity, fire resistance 2, cold vulnerability 1, float, innate
caster, hp casting, extra vitality 1
}: 1/15 runes: serpentine
a: Renounce Religion, Minor Destruction, Lesser Servant of Makhleb, Major
Destruction, Greater Servant of Makhleb


You were on level 4 of the Shoals.
You worshipped Makhleb.
Makhleb was exalted by your worship.
You visited 5 branches of the dungeon, and saw 31 of its levels.
You visited 1 bazaar.
You also visited: Ice Cave.

You collected 2677 gold pieces.
You spent 1317 gold pieces at shops.

Inventory:

Hand Weapons
 b - a +0 spear
 E - a +0 dagger of distortion
 L - a +0 demon trident of electrocution
Missiles
 o - 43 boomerangs (quivered)
 q - 6 silver boomerangs
 C - 9 throwing nets {!f}
 K - 10 curare-tipped darts
Armour
 e - a +2 robe of resistance
 i - the +0 pair of gloves of the Vacuum (worn) {rElec rPois Dex-2 Stlth-}
   (You bought it in a shop on level 2 of the Shoals)

   Dex:       It affects your dexterity (-2).
   rElec:     It insulates you from electricity.
   rPois:     It protects you from poison.
   Stlth:     It makes you less stealthy.
 r - a +2 pair of gloves
 B - a +0 cloak (worn)
 H - a +3 troll leather armour (worn)
 R - a +0 helmet of intelligence (worn)
 T - +0 ice dragon scales
 V - a +2 kite shield of cold resistance (worn)
Magical Staves
 h - a staff of conjuration (weapon)
 A - a staff of earth
 I - a staff of death
 U - a staff of cold
Jewellery
 d - a +6 ring of dexterity (right hand)
 f - a ring of fire
 n - a ring of positive energy
 v - a +4 ring of evasion (left hand)
 x - the amulet of Ascent (around neck) {rF+ rC+ Regen+ rCorr}
   (You acquired it on level 11 of the Dungeon)

   [amulet of regeneration]

   rF:        It protects you from fire.
   rC:        It protects you from cold.
   Regen:     It increases your rate of health regeneration.
   rCorr:     It protects you from acid and corrosion.
 J - a +6 ring of strength
 Q - a ring of see invisible
 W - an amulet of faith
Wands
 k - a wand of flame (65)
 l - a wand of charming (11)
 s - a wand of digging (12) {@v1}
 u - a wand of polymorph (33)
 F - a wand of mindburst (51)
 G - a wand of iceblast (28) {@v4}
Scrolls
 a - 11 scrolls of teleportation {@r3}
 g - a scroll of blinking {@r4}
 w - 3 scrolls of immolation
 O - 3 scrolls of enchant weapon
 P - 2 scrolls of fear
 S - a scroll of holy word
 X - 4 scrolls of magic mapping
Potions
 c - 5 potions of brilliance
 m - 5 potions of ambrosia
 p - 3 potions of cancellation
 t - 4 potions of haste {@q3}
 y - 14 potions of curing {@q1}
 z - a potion of invisibility
 M - a potion of might {@q4}
 N - 2 potions of heal wounds {@q2}
Miscellaneous
 j - a phantom mirror


   Skills:
 + Level 18.3 Fighting
 + Level 17.9 Dodging
 - Level 1.5 Stealth
 + Level 14.9 Shields
 + Level 13.6 Spellcasting
 + Level 9.1 Invocations
 - Level 3.0 Evocations


You couldn't memorise any spells.
You knew the following spells:

 Your Spells              Type           Power      Damage    Failure   Level
a - Magic Dart            Conj           100%       1d8       0%          1
b - Searing Ray           Conj           100%       2d8       1%          2
c - Dazzling Flash        Conj/Hex       100%       N/A       1%          3
d - Fulminant Prism       Conj/Hex       49%        3d21      1%          4
e - Foxfire               Conj/Fire      100%       2x1d9     0%          1
f - Vampiric Draining     Necr           39%        2d11      1%          3
g - Gell's Gravitas       Tloc           39%        N/A       1%          3
h - Yara's Violent Unrav  Hex/Tmut       39%        3d16      1%          5
i - Conjure Ball Lightni  Conj/Air       49%        3x3d17    2%          6
j - Iron Shot             Conj/Erth      49%        9d9       2%          6
k - Dispersal             Tloc           39%        N/A       2%          6
q - Iskenderun's Mystic   Conj/Tloc      99%        2d19      1%          4
w - Lightning Bolt        Conj/Air       49%        1d70      1%          5
z - Poisonous Vapours     Pois/Air       100%       N/A       1%          2
Your spell library was empty.

Dungeon Overview and Level Annotations

Branches:
Dungeon (15/15)            Temple (0/1) D:7            Lair (6/6) D:11
 Shoals (4/4) Lair:3        Snake (4/4) Lair:3        Slime (0/5) Lair:6
    Orc (2/2) D:11            Elf (0/3) Orc:2        Vaults (0/5) D:14
 Depths (0/4) D:15          IceCv (visited)

Altars:
Ashenzari
Dithmenos
Fedhas
Gozag
Makhleb
Ru
Sif Muna
Uskayaw

Shops:
Orc:2 (![:**   Shoals:2 [

Annotations:
Shoals:4 Ilsuiw
Snake:4 3 runed translucent doors, Lanoh's ghost, adept PaFi; jejorda2's ghost, adept DrBe


Innate Abilities, Weirdness & Mutations

You are immune to sickness and miasma.
You are immune to poison.
Your flesh is very heat resistant. (rF++)
You are vulnerable to cold. (rC-)
You float through the air rather than walking.
You learn spells naturally, not from books.
Your magical power is your life essence.
You have superior vitality. (+4 HP)


Message History

The merfolk javelineer throws a silver javelin.
The silver javelin pierces through you.
Casting: Iron Shot (dangerous; 2% risk of failure)
Confirm with . or Enter, or press ? or * to list all spells.
You feel a surge of power!
You erupt in a blast of force!
The mystic blast hits Ilsuiw!
Ilsuiw is almost dead.
Ilsuiw is knocked back by the mystic blast.
The merfolk javelineer throws a silver javelin.
The silver javelin pierces through you!
The merfolk javelineer throws a silver javelin.
The silver javelin barely misses you.
Ilsuiw gestures wildly while chanting.
The merfolk javelineer throws a silver javelin.
The silver javelin pierces through you!!
* * * LOW HITPOINT WARNING * * *
* * * LOW HITPOINT WARNING * * *
As you read the scroll of fog, it crumbles to dust.
The scroll dissolves into smoke.
The merfolk javelineer throws a silver javelin.
The silver javelin pierces through you!
* * * LOW HITPOINT WARNING * * *
* * * LOW HITPOINT WARNING * * *
You block the sea snake's attack.
Ilsuiw gestures wildly while chanting.
Ilsuiw sings a water chant to call the tide!
The merfolk javelineer throws a silver javelin.
The silver javelin completely misses you.
The merfolk javelineer throws a silver javelin.
The silver javelin pierces through you!!
* * * LOW HITPOINT WARNING * * *
* * * LOW HITPOINT WARNING * * *
You feel much better. The sea snake completely misses you.
The merfolk javelineer throws a silver javelin.
The silver javelin pierces through you!!
* * * LOW HITPOINT WARNING * * *
* * * LOW HITPOINT WARNING * * *
The merfolk javelineer throws a silver javelin.
The silver javelin pierces through you!
You die...

≈≈≈≈≈≈≈≈≈≈≈≈≈≈≈≈≈
≈≈≈≈≈≈≈≈≈≈≈≈≈≈≈≈≈
≈≈≈≈≈≈≈≈≈≈≈≈≈≈≈≈≈
≈≈≈≈≈≈≈≈≈≈≈≈≈≈≈≈≈
≈≈≈≈≈[≈.≈≈≈≈≈≈≈≈≈
≈≈≈≈†≈≈<≈≈≈†≈≈≈≈≈
≈≈≈≈≈≈≈§§......≈≈
≈≈≈≈[≈≈S§§§###..
≈≈≈≈≈≈§§@§##
≈≈≈≈≈≈≈§§§§#
≈≈≈≈≈≈≈≈≈≈≈.#
≈≈≈≈≈≈≈.≈≈≈≈≈≈.
≈≈≈≈≈≈≈≈E≈≈...≈≈≈
...≈≈≈m≈≈≈≈≈≈≈≈≈
....m≈≈≈m≈≈≈≈≈m≈
.^..H≈≈≈E≈≈m≈≈≈≈
....≈≈≈≈≈≈≈≈≈≈≈


You could see Ilsuiw, 3 merfolk javelineers, a sea snake, a merfolk, a manticore
and 2 water elementals.

Vanquished Creatures
  Jorgrun (Orc:1)
  Rupert (Lair:3)
  2 quicksilver dragons (Snake:4)
  Gastronok (D:9)
  Kirke (D:14)
  Donald (Shoals:3)
  7 nagarajas
  An orc warlord (Orc:2)
  A reaper (IceCv)
  Nessos (Lair:5)
  A fire dragon (D:15)
  Josephine (D:12)
  Erolcha (D:9)
  Harold (D:8)
  5 salamander tyrants
  An ice dragon (D:15)
  2 ogre magi
  8 hydras
  12 two-headed ogres
  2 merfolk avatars
  2 merfolk aquamancers
  5 centaur warriors
  7 naga warriors
  14 anacondas
  5 catoblepae
  2 boulder beetles
  An alligator snapping turtle (Shoals:2)
  8 death yaks (Lair:6)
  9 naga sharpshooters
  Urug (Lair:3)
  8 shock serpents
  An orc high priest (Orc:2)
  Nergalle (Lair:3)
  5 skeletal warriors (D:12)
  4 salamander mystics
  10 sea snakes
  6 naga ritualists
  A wizard (D:14)
  An orc knight (Orc:2)
  Pikel (D:8)
  3 deep elf pyromancers
  4 harpies (Shoals:2)
  4 ugly things
  12 manticores
  8 mana vipers (Snake:4)
  4 orc sorcerers (Orc:2)
  22 salamanders
  5 cyclopes
  3 guardian serpents (Snake:4)
  2 merfolk sirens (Shoals:3)
  A water nymph (Shoals:1)
  9 naga magi
  A black mamba (shapeshifter) (D:14)
  A gargoyle (D:11)
  7 elephants
  An ice statue (IceCv)
  A torpor snail (Lair:3)
  38 black mambas
  8 cane toads
  Psyche (D:8)
  8 komodo dragons
  A rime drake (shapeshifter) (D:13)
  4 anaconda simulacra (IceCv)
  2 kobold demonologists
  A rime drake (Lair:5)
  An efreet (D:15)
  A freezing wraith (IceCv)
  An entropy weaver simulacrum (IceCv)
  5 ice devils (IceCv)
  2 polar bears
  6 trolls
  9 merfolk
  5 wind drakes
  3 hornets
  23 blink frogs
  4 slime creatures (D:13)
  A meliai zombie (D:11)
  4 snapping turtles
  A vampire (D:13)
  9 wraiths
  3 dire elephant simulacra (IceCv)
  A shadow (D:9)
  7 wyverns
  5 humans (D:7)
  7 water elementals
  72 yaks
  5 hogs (D:14)
  6 basilisks
  4 vampire mosquitoes
  3 wargs
  2 harpy simulacra (IceCv)
  15 water moccasins
  4 acid dragons
  17 nagas
  25 orc warriors
  3 black bears
  3 necrophages
  4 boggarts (D:15)
  5 ogres
  4 ice beasts
  9 centaurs
  15 wolves
  A phantom (D:5)
  5 kobold brigands
  15 bullfrogs
  2 water moccasin zombies
  A cane toad simulacrum (IceCv)
  2 water moccasin skeletons
  5 killer bees (D:8)
  8 wights
  2 electric eels (Snake:1)
  2 howler monkeys
  5 centaur zombies
  8 jellies
  5 hounds
  19 orc priests
  2 bullfrog skeletons
  A centaur skeleton (D:7)
  3 iguanas
  31 orc wizards
  2 polar bear simulacra (IceCv)
  A spriggan simulacrum (IceCv)
  A hound zombie (D:5)
  A hound skeleton (D:4)
  10 adders
  A white imp (D:6)
  2 ufetubi
  2 worms
  An adder skeleton (D:4)
  3 dart slugs
  67 orcs
  7 bats
  7 endoplasms
  2 giant cockroaches
  7 goblins
  5 hobgoblins
  7 jackals
  2 quokkas
  6 ball pythons
  3 frilled lizards
  10 kobolds
  4 rats
  A ball lightning (D:12)
  A foxfire (D:10)
858 creatures vanquished.

Vanquished Creatures (collateral kills)
  3 cane toads
  2 rime drakes
  A polar bear (Lair:6)
  2 nagas (Lair:3)
  3 water moccasins (Lair:6)
  3 wolves (Lair:6)
  An orc (Orc:1)
  10 ball lightnings
25 creatures vanquished.

Vanquished Creatures (others)
  A naga sharpshooter (Snake:4)
  An orc wizard (Orc:2)
  149 ball lightnings
  A bush (Lair:3)
  28 foxfires
  200 fulminant prisms
  56 fungi
  128 plants
564 creatures vanquished.

Grand Total: 1447 creatures vanquished

Notes
Turn   | Place    | Note
-------+----------+-------------------------------------------
     0 | D:1      | Zenkrye the Djinni Conjurer began the quest for the Orb.
     0 | D:1      | Reached XP level 1. HP: 15/15 MP: 0/0
   430 | D:1      | Reached XP level 2. HP: 19/22 MP: 0/0
   774 | D:2      | Reached skill level 1 in Fighting
   892 | D:2      | Found a blossoming altar of Fedhas.
  1007 | D:2      | Reached XP level 3. HP: 25/27 MP: 0/0
  1007 | D:2      | Learned a level 1 spell: Foxfire
  1100 | D:2      | Noticed a necrophage
  1106 | D:2      | Killed a necrophage
  1107 | D:2      | Reached skill level 2 in Fighting
  1107 | D:2      | Reached skill level 1 in Shields
  1107 | D:2      | Reached XP level 4. HP: 25/33 MP: 0/0
  1107 | D:2      | Reached XP level 5. HP: 29/38 MP: 0/0
  1107 | D:2      | Learned a level 2 spell: Poisonous Vapours
  1223 | D:2      | Found a faded altar of an unknown god.
  1894 | D:3      | Found a shadowy altar of Dithmenos.
  1895 | D:3      | Found a broken altar of Ashenzari.
  1903 | D:3      | Reached XP level 6. HP: 19/45 MP: 0/0
  1904 | D:3      | Found a hide-covered altar of Uskayaw.
  1904 | D:3      | Found a burning altar of Makhleb.
  1914 | D:3      | Became a worshipper of Makhleb the Destroyer
  3323 | D:4      | Reached * piety under Makhleb
  3324 | D:4      | Reached skill level 3 in Fighting
  3324 | D:4      | Reached XP level 7. HP: 31/50 MP: 0/0
  3324 | D:4      | Learned a level 3 spell: Vampiric Draining
  4384 | D:5      | Entered Level 5 of the Dungeon
  5091 | D:5      | Reached skill level 5 in Dodging
  5091 | D:5      | Reached XP level 8. HP: 53/58 MP: 0/0
  5201 | D:5      | Reached skill level 4 in Fighting
  5208 | D:5      | Reached ** piety under Makhleb
  5352 | D:5      | Reached skill level 5 in Spellcasting
  5901 | D:6      | Reached skill level 5 in Fighting
  5901 | D:6      | Reached skill level 5 in Shields
  5901 | D:6      | Reached XP level 9. HP: 21/65 MP: 0/0
  5901 | D:6      | Learned a level 3 spell: Gell's Gravitas
  7108 | D:7      | Reached skill level 6 in Fighting
  7161 | D:7      | Found a staircase to the Ecumenical Temple.
  7257 | D:7      | Reached XP level 10. HP: 47/73 MP: 0/0
  7379 | D:7      | Reached skill level 7 in Fighting
  7635 | D:7      | Reached *** piety under Makhleb
  7651 | D:7      | Noticed a komodo dragon
  7658 | D:7      | Killed a komodo dragon
  8246 | D:7      | Found a sacrificial altar of Ru.
  8846 | D:8      | Noticed Pikel
  8855 | D:8      | Killed Pikel
  8856 | D:8      | Reached skill level 8 in Fighting
  8920 | D:8      | Noticed Psyche
  8981 | D:8      | Noticed Harold
  8983 | D:8      | Killed Psyche
  8984 | D:8      | Reached skill level 1 in Invocations
  8998 | D:8      | Killed Harold
  8999 | D:8      | Reached XP level 11. HP: 40/82 MP: 0/0
  8999 | D:8      | Learned a level 5 spell: Yara's Violent Unravelling
  9739 | D:8      | Reached skill level 10 in Dodging
 10097 | D:9      | Reached skill level 9 in Fighting
 10131 | D:9      | Noticed Gastronok
 10156 | D:9      | Killed Gastronok
 10435 | D:9      | Noticed a two-headed ogre
 10442 | D:9      | Killed a two-headed ogre
 10563 | D:9      | Noticed a two-headed ogre
 10566 | D:9      | Noticed Maurice
 10569 | D:9      | Noticed Maurice
 10569 | D:9      | Maurice changed into Maurice the hornet
 10570 | D:9      | Noticed Erolcha
 10577 | D:9      | Killed a two-headed ogre
 10579 | D:9      | Killed Maurice the hornet
 10647 | D:9      | Killed Erolcha
 10648 | D:9      | Reached skill level 5 in Invocations
 10648 | D:9      | Reached XP level 12. HP: 15/91 MP: 0/0
 11320 | D:10     | Entered Level 10 of the Dungeon
 11382 | D:10     | Reached **** piety under Makhleb
 11513 | D:10     | Reached skill level 10 in Fighting
 11876 | D:10     | Noticed a centaur warrior
 11883 | D:10     | Killed a centaur warrior
 11884 | D:10     | Reached skill level 1 in Evocations
 12045 | D:10     | Noticed a two-headed ogre
 12050 | D:10     | Killed a two-headed ogre
 12917 | D:11     | Found a staircase to the Lair.
 13012 | D:11     | Found a staircase to the Orcish Mines.
 13191 | D:11     | Noticed a boulder beetle
 13204 | D:11     | Killed a boulder beetle
 13917 | D:11     | Identified a scroll of acquirement
 13917 | D:11     | Acquired the amulet of Ascent {rF+ rC+ Regen+ rCorr}
 13997 | Lair:1   | Entered Level 1 of the Lair of Beasts
 14011 | Lair:1   | Reached XP level 13. HP: 98/98 MP: 0/0
 14011 | Lair:1   | Learned a level 5 spell: Lightning Bolt
 14088 | Lair:1   | Reached skill level 11 in Fighting
 14096 | Lair:1   | Reached ***** piety under Makhleb
 14141 | Lair:1   | Noticed a seven-headed hydra
 14150 | Lair:1   | Killed a seven-headed hydra
 14164 | Lair:1   | Noticed a catoblepas
 14181 | Lair:1   | Killed a catoblepas
 14848 | Lair:2   | Found an opulent altar of Gozag.
 15174 | Lair:2   | Reached skill level 10 in Spellcasting
 15198 | Lair:2   | Noticed a catoblepas
 15217 | Lair:2   | Killed a catoblepas
 15557 | Lair:3   | Noticed Urug
 15566 | Lair:3   | Killed Urug
 15601 | Lair:3   | Found a staircase to the Snake Pit.
 15618 | Lair:3   | Noticed a four-headed hydra
 15633 | Lair:3   | Killed a four-headed hydra
 15634 | Lair:3   | Reached skill level 12 in Fighting
 15662 | Lair:3   | Noticed Nergalle
 15671 | Lair:3   | Killed Nergalle
 15701 | Lair:3   | Noticed Rupert
 15718 | Lair:3   | Killed Rupert
 15719 | Lair:3   | Reached XP level 14. HP: 107/107 MP: 0/0
 15782 | Lair:3   | You are sucked into a shaft and drop 1 floor!
 16035 | Lair:4   | Acquired a manual of Fighting
 16159 | Lair:4   | Reached skill level 13 in Fighting
 16813 | Lair:3   | Found a staircase to the Shoals.
 16969 | Lair:3   | You are sucked into a shaft and drop 1 floor!
 17328 | Orc:1    | Entered Level 1 of the Orcish Mines
 17427 | Orc:1    | Noticed Jorgrun
 17436 | Orc:1    | Killed Jorgrun
 17746 | Orc:2    | Entered Level 2 of the Orcish Mines
 17835 | Orc:2    | Found a staircase to the Elven Halls.
 18114 | Orc:2    | Found Awiolul's Overcharged Wands.
 18188 | Orc:2    | Reached skill level 14 in Fighting
 18207 | Orc:2    | Reached XP level 15. HP: 117/117 MP: 0/0
 18207 | Orc:2    | Learned a level 6 spell: Conjure Ball Lightning
 18209 | Orc:2    | Reached ****** piety under Makhleb
 18247 | Orc:2    | Found Viluash's Armour Emporium.
 18247 | Orc:2    | Found Ciutwota's Weapon Shoppe.
 18248 | Orc:2    | Found Yxasaogiri's Distillery.
 18252 | Orc:2    | Found Fimankyt's Book Emporium.
 18257 | Orc:2    | Bought a potion of heal wounds for 65 gold pieces
 18266 | Orc:2    | Found Dyutuv's General Store.
 18399 | Orc:2    | Noticed an orc warlord
 18411 | Orc:2    | Killed an orc warlord
 18634 | Orc:2    | Bought a +0 helmet of intelligence for 138 gold pieces
 18722 | D:12     | Acquired a manual of Shields
 18810 | D:12     | Reached skill level 15 in Dodging
 18885 | D:12     | Noticed Josephine
 18891 | D:12     | Killed Josephine
 19539 | D:13     | You are sucked into a shaft and drop 1 floor!
 19543 | D:14     | Reached skill level 15 in Fighting
 19561 | D:14     | Found a gate to the Vaults.
 19937 | D:14     | Noticed Kirke
 20086 | D:14     | Killed Kirke
 20653 | D:15     | Entered Level 15 of the Dungeon
 20783 | D:15     | Reached XP level 16. HP: 127/127 MP: 0/0
 21107 | D:15     | Reached skill level 16 in Fighting
 21392 | D:15     | Found a staircase to the Depths.
 21644 | Lair:5   | Found a frozen archway.
 21656 | IceCv    | Entered an ice cave
 21771 | IceCv    | Reached skill level 10 in Shields
 22080 | Lair:5   | Noticed Nessos
 22090 | Lair:5   | Killed Nessos
 22358 | Lair:5   | You are sucked into a shaft and drop 1 floor!
 22358 | Lair:6   | Entered Level 6 of the Lair of Beasts
 22710 | Lair:6   | Reached skill level 17 in Fighting
 22886 | Lair:6   | Reached XP level 17. HP: 136/136 MP: 0/0
 22886 | Lair:6   | Learned a level 6 spell: Iron Shot
 22990 | Lair:6   | Found a staircase to the Slime Pits.
 23873 | Snake:1  | Entered Level 1 of the Snake Pit
 24889 | Snake:4  | Entered Level 4 of the Snake Pit
 24938 | Snake:4  | Reached XP level 18. HP: 114/144 MP: 0/0
 24954 | Snake:4  | Found an opulent altar of Gozag.
 25051 | Snake:4  | Found a flickering gateway to a bazaar.
 25061 | Bazaar   | Entered a bazaar
 25065 | Bazaar   | Found Zuwnafru's General Store.
 25087 | Bazaar   | Found Dinoud's Antique Armour Emporium.
 25108 | Bazaar   | Found Toucroam's Magic Scroll Boutique.
 25113 | Bazaar   | Bought a scroll of blinking for 97 gold pieces
 25113 | Bazaar   | Bought a scroll of blinking for 97 gold pieces
 25128 | Bazaar   | Found Vahub's Magic Scroll Shoppe.
 25134 | Bazaar   | Bought a scroll of teleportation for 36 gold pieces
 25134 | Bazaar   | Bought a scroll of enchant armour for 90 gold pieces
 25170 | Bazaar   | Bought a runed troll leather armour for 504 gold pieces
 25312 | Snake:4  | Found a runed translucent gate.
 25312 | Snake:4  | Found a runed translucent gate.
 25312 | Snake:4  | Found a runed translucent gate.
 25316 | Snake:4  | Noticed jejorda2's ghost (adept DrBe)
 25316 | Snake:4  | Noticed Lanoh's ghost (adept PaFi)
 25540 | Snake:4  | Noticed a quicksilver dragon
 25547 | Snake:4  | Killed a quicksilver dragon
 25575 | Snake:4  | Noticed a quicksilver dragon
 25605 | Snake:4  | Killed a quicksilver dragon
 25909 | Snake:4  | Reached skill level 18 in Fighting
 26307 | Snake:4  | Got a serpentine rune of Zot
 26880 | Shoals:1 | Entered Level 1 of the Shoals
 26964 | Shoals:1 | Reached XP level 19. HP: 150/150 MP: 0/0
 26964 | Shoals:1 | Learned a level 6 spell: Dispersal
 27146 | Shoals:2 | Found Ohaettu's Armour Boutique.
 27149 | Shoals:2 | Bought the +0 pair of gloves of the Vacuum {rElec rPois
                  | Dex-2 Stlth-} for 290 gold pieces
 27189 | Shoals:3 | Acquired a manual of Evocations
 27204 | Shoals:3 | Noticed Donald
 27212 | Shoals:3 | Killed Donald
 27271 | Shoals:4 | Entered Level 4 of the Shoals
 27275 | Shoals:4 | Noticed Ilsuiw
 27416 | Shoals:4 | HP: 3/151 [merfolk javelineer/silver javelin (27)]
 27416 | Shoals:4 | HP: 1/151 [merfolk javelineer/silver javelin (2)]
 27417 | Shoals:4 | Hit by a silver javelin thrown by a merfolk javelineer

Illustrated notes

Levels and vault maps discovered:
D:1:      eino_arrival_tree_alley, layout_rooms
D:2:      layout_loops_ring, serial_forest, infiniplex_forest_clump_small,
          infiniplex_forest_lined_3_way, infiniplex_forest_side_room,
          infiniplex_forest_lined_corner, infiniplex_forest_lined_3,
          infiniplex_forest_straight_5, infiniplex_forest_straight_1,
          infiniplex_forest_clump_small, basic_altar,
          shapermc_ecumenical_altar_notcrosses, supply_closet_lemuel
D:3:      layout_basic, chequers_temple_overflow_statue_of_worship
D:4:      layout_basic
D:5:      minmay_opposing_rooms, layout_basic, minmay_fractal_squares_gapless_5
D:6:      layout_cave_pods, dk_vineyard_3
D:7:      layout_basic, gammafunk_temple_overflow_wave,
          minmay_temple_entry_gardened_gates, minmay_ruffians
D:8:      layout_cave_pools, serial_column_ruins, column_ruins_square_medium,
          column_ruins_hut, column_ruins_open_medium, column_ruins_open_tiny,
          column_ruins_columns_straight, column_ruins_open_tiny_water,
          column_ruins_grid_1, column_ruins_grid_1, column_ruins_open_medium,
          minmay_puff, uniq_harold, uniq_psyche, uniq_pikel
D:9:      layout_basic, uniq_gastronok, uniq_maurice, uniq_erolcha
D:10:     layout_roguey
D:11:     layout_basic, dpeg_oklobed_lair, erik_orc_4
D:12:     layout_rooms, uniq_josephine
D:13:     layout_gridville
D:14:     layout_loops_ring, david_vaults_2, minmay_misc_feat_roman, uniq_kirke
D:15:     grunt_enter_depths_hoard, layout_irregular_city,
          minmay_misc_feat_tower
Lair:1:   layout_regular_city, st_stairs_10
Lair:2:   layout_regular_city, lemuel_centaur_altar, grunt_megastairs_3
Lair:3:   layout_misc_corridors, shoals_dummy_entry,
          guppyfry_snake_entry_garden, uniq_nergalle, uniq_urug, uniq_rupert
Lair:4:   beast_lair_carwin_large_2, layout_cave_pods
Lair:5:   layout_roguey, nicolae_volcano_entry_lava_flow,
          portal_ice_cave_entry_pillars_2, uniq_nessos
Lair:6:   evilmike_catoblepas_cave, layout_hall_layers,
          nicolae_slime_entry_slimehenge
Shoals:1: layout_shoals, serial_shops, nicolae_square_shop,
          nicolae_shoals_spring_well_temple, uniq_nikola
Shoals:2: layout_shoals, serial_shops, nicolae_shop_behind_doors, uniq_roxanne
Shoals:3: layout_shoals, serial_shops, shop, nicolae_shoals_lost_giant_hut,
          nicolae_shoals_beach_house_on_fowls_legs, uniq_donald
Shoals:4: shoals_end_grunt_ice, layout_shoals, shoal_ilsuiw
Snake:1:  layout_chambers, serial_shops, nicolae_take_the_stairs,
          serial_bayou_lagoon_b
Snake:2:  layout_basic, serial_shops, shop, nicolae_snake_magic_snake_eye,
          serial_bayou_shore_a, uniq_vashnia
Snake:3:  layout_gridlike, serial_shops, nicolae_shop_crystal, serial_bayou,
          serial_bayou_pond_d, serial_bayou_pond_b, serial_bayou_pond_d,
          serial_bayou_lagoon_a, serial_bayou_pond_c, lemuel_oklob_altar,
          minmay_shop_star, serial_bayou_shore_b
Snake:4:  hellmonk_snake_rune_quicksilver_temple, layout_chambers, serial_shops,
          bzr_entry_water, gammafunk_ghost_cemetery, basic_altar
Orc:1:    layout_diamond_mine, nicolae_orc_pool_cavern, uniq_jorgrun
Orc:2:    st_orc_mages, layout_caves, serial_shops, shop_statue,
          nicolae_shop_overcharged_wands

Skill      XL: |  1  2  3  4  5  6  7  8  9 10 11 12 13 14 15 16 17 18 19 |
---------------+----------------------------------------------------------+-----
Fighting       | 1 2 3 5 6 8 9 10 12 14 15 17 18 | 18.3
Dodging        | 3 4 5 6 7 9 10 12 13 14 15 16 17 | 17.9
Shields        | 1 2 3 5 9 11 13 14 | 14.9
Spellcasting   | 4 5 6 7 8 9 10 11 12 13 | 13.6
Invocations    | 2 5 6 8 9 |  9.1
Evocations     | 3 |  3.0
Stealth        | |  1.5

Action                   |  1- 3 |  4- 6 |  7- 9 | 10-12 | 13-15 | 16-18 | 19-21 || total
-------------------------+-------+-------+-------+-------+-------+-------+-------++-------
Melee: Staff             |       |       |       |       |     3 |       |     2 ||     5
Throw: Dart              |       |       |       |       |     1 |       |       ||     1
 Cast: Magic Dart        |    27 |    53 |    85 |    61 |     4 |       |       ||   230
       Searing Ray       |     3 |    17 |    55 |    78 |    34 |     3 |       ||   190
       Poisonous Vapours |       |     2 |     4 |    29 |   108 |    27 |     4 ||   174
       Vampiric Draining |       |       |     5 |    14 |       |       |       ||    19
       Iskenderun's Myst |       |       |     4 |    62 |    99 |   128 |    22 ||   315
       Fulminant Prism   |       |       |     3 |    51 |   113 |    27 |     6 ||   200
       Yara's Violent Un |       |       |       |     1 |     6 |    10 |     1 ||    18
       Foxfire           |       |       |       |     9 |       |     9 |       ||    18
       Lightning Bolt    |       |       |       |       |    97 |   279 |    40 ||   416
       Gell's Gravitas   |       |       |       |       |     3 |     4 |       ||     7
       Conjure Ball Ligh |       |       |       |       |    12 |    49 |     1 ||    62
       Iron Shot         |       |       |       |       |       |    53 |    38 ||    91
Invok: Lesser Servant of |       |       |       |       |     9 |     3 |       ||    12
Evoke: Wand              |       |       |       |     3 |     3 |     4 |       ||    10
  Use: Potion            |       |       |     1 |     4 |       |     2 |     1 ||     8
       Scroll            |       |       |     7 |     5 |    10 |     8 |     3 ||    33
Armor: Robe              |       |     3 |     8 |    10 |       |       |       ||    21
       Skin              |       |       |       |     2 |       |       |       ||     2
       Troll leather arm |       |       |       |       |    10 |    19 |     3 ||    32
Dodge: Dodged            |     2 |     7 |    39 |    49 |    84 |    93 |    32 ||   306
Block: Buckler           |       |     2 |    13 |    21 |    22 |     3 |       ||    61
       Kite shield       |       |       |       |       |       |    62 |    28 ||    90

Table legend: (Time is in decaauts)
 A = Elapsed time spent in this place.
 B = Non-inter-level travel time spent in this place.
 C = Inter-level travel time spent in this place.
 D = Time resting spent in this place.
 E = Time spent auto-exploring this place.
 F = Levels seen in this place.
 G = Mean time per level.
                   A        B        C        D        E       F      G
               +--------+--------+--------+--------+--------+-----+--------+
         Total |  27408 |  26037 |   1371 |   1799 |  19608 |  33 |  830.5 |
       Dungeon |  16831 |  16175 |    656 |   1574 |  12599 |  15 | 1122.1 |
          Lair |   5318 |   4954 |    364 |     43 |   3848 |   6 |  886.3 |
        Shoals |    492 |    476 |     16 |     90 |    111 |   4 |  123.0 |
     Snake Pit |   2843 |   2599 |    244 |     68 |   1893 |   4 |  710.8 |
  Orcish Mines |   1367 |   1278 |     89 |      0 |    930 |   2 |  683.5 |
        Bazaar |    146 |    146 |      0 |      0 |     85 |   1 |  146.0 |
      Ice Cave |    408 |    408 |      0 |     24 |    141 |   1 |  408.0 |
               +--------+--------+--------+--------+--------+-----+--------+

Top non-repeatable levels by time:
     D:7: 1890 daAuts
 Snake:4: 1710 daAuts
     D:3: 1668 daAuts
    D:11: 1428 daAuts
    D:10: 1305 daAuts
     D:8: 1295 daAuts
     D:6: 1250 daAuts
     D:4: 1166 daAuts
     D:5: 1132 daAuts
     D:2: 1124 daAuts
  Lair:6: 1052 daAuts
  Lair:4: 1051 daAuts
     D:9: 1022 daAuts
  Lair:2: 842 daAuts
    D:15: 808 daAuts
